 Dungeon Crawl Stone Soup version 0.28.0-43-g3370ac3207 (webtiles) character file.

Game seed: 11572122856237053517

1173 smarlow the Magician (level 8, 0/58 HPs)
             Began as a Djinni Fire Elementalist on Mar 6, 2022.
             Was an Initiate of Makhleb.
             Slain by a manticore (17 damage)
             ... on level 6 of the Dungeon.
             The game lasted 00:10:56 (6956 turns).

smarlow the Magician (Djinni Fire Elementalist)     Turns: 6956, Time: 00:10:56

Health: 0/58       AC:  2    Str:  7    XL:     8   Next: 68%
Gold:   200        EV: 14    Int: 17    God:    Makhleb [......] SH:  0 Dex: 14

rFire   + + +      SeeInvis .   w - +9 mace "Bemmaozy" {vorpal, +Blink rElec rN+ Int-2}
rCold   x . .      Faith    .   (no shield)
rNeg    + . .      Spirit   .   a - +0 robe
rPois   ∞          Reflect  .   (no helmet)
rElec   +          Harm     .   (no cloak)
rCorr   .          Rampage  .   (no gloves)
Will    .....                   (boots unavailable)
Stlth   ++........              x - amulet of regeneration
HPRegen 0.99/turn               k - ring of protection from fire
MPRegen 0.00/turn               y - ring of wizardry

@: spiked, flying
A: sickness immunity, fire resistance 2, cold vulnerability 1, float, innate
caster, HP casting, extra vitality 1
a: Renounce Religion, Evoke Blink


You were on level 6 of the Dungeon.
You worshipped Makhleb.
Makhleb was noncommittal.
You visited 1 branch of the dungeon, and saw 6 of its levels.

You collected 239 gold pieces.
You spent 39 gold pieces at shops.

Inventory:

Hand Weapons
 m - a +0 short sword of flaming
 w - the +9 mace "Bemmaozy" (weapon) {vorpal, +Blink rElec rN+ Int-2}
   (You found it on level 5 of the Dungeon)

   It inflicts extra damage upon your enemies.
   Int:       It affects your intelligence (-2).
   rElec:     It insulates you from electricity.
   rN:        It protects you from negative energy.
   +Blink:    It lets you blink.
Armour
 a - a +0 robe (worn)
Jewellery
 k - a ring of protection from fire (left hand)
 x - an amulet of regeneration (around neck)
 y - a ring of wizardry (right hand)
Wands
 j - a wand of iceblast (6)
 p - a wand of charming (9)
 z - a wand of paralysis (14)
Scrolls
 c - 2 scrolls of immolation {unknown}
 d - 11 scrolls of identify {unknown}
 i - a scroll of teleportation {unknown}
 l - a scroll of fog {unknown}
 q - a scroll of noise {unknown}
 r - a scroll of holy word {unknown}
 t - a scroll of blinking {unknown}
 u - a scroll of magic mapping {unknown}
Potions
 b - 2 potions of heal wounds {unknown}
 e - a potion of berserk rage {unknown}
 f - 2 potions of haste {unknown}
 g - 3 potions of attraction {unknown}
 h - 2 potions of curing
 n - a potion of mutation {unknown}
 o - 3 potions of degeneration {unknown}
 s - a potion of cancellation {unknown}
 v - a potion of brilliance {unknown}


   Skills:
 + Level 4.4 Fighting
 + Level 5.7 Dodging
 - Level 1.5 Stealth
 * Level 5.9 Spellcasting


You couldn't memorise any spells.
You knew the following spells:

 Your Spells              Type           Power      Damage    Failure   Level
a - Foxfire               Conj/Fire      100%       2x1d9     1%          1
b - Scorch                Fire           50%        2d8       1%          2
c - Conjure Flame         Conj/Fire      25%        6-21      1%          3
d - Inner Flame           Hex/Fire       25%        N/A       1%          3
e - Flame Wave            Conj/Fire      25%        2d7       4%          4
f - Magic Dart            Conj           100%       1d8       1%          1
g - Passwall              Tmut/Erth      20%        N/A       1%          2
h - Swiftness             Air            25%        N/A       1%          3
Your spell library was empty.

Dungeon Overview and Level Annotations

Branches:
Dungeon (6/15)
 Temple: D:4-7

Altars:
Gozag
Hepliaklqana
Makhleb
Wu Jian

Shops:
D:3 !

Annotations:
D:3 2 transporters


Innate Abilities, Weirdness & Mutations

You are immune to sickness and miasma.
You are immune to poison.
Your flesh is very heat resistant. (rF++)
You are vulnerable to cold. (rC-)
You float through the air rather than walking.
You learn spells naturally, not from books.
Your magical power is your life essence.
You have superior vitality. (+4 MHP)


Message History

Casting: Flame Wave (dangerous; 4% risk of failure)
Press: ? - help, Dir - look around, f - activate A wave of flame ripples out! (Press . to intensify the flame waves.)
The gnoll misses you.
A wave of flame ripples out!
The flame wave engulfs the gnoll!
You kill the gnoll!
Makhleb accepts your kill.
The flame wave engulfs the gnoll!
You kill the gnoll!
Makhleb accepts your kill.
A wave of flame ripples out!
The flame wave engulfs the gnoll!
The gnoll is heavily wounded.
You finish channelling waves of flame.
A manticore comes into view.
The gnoll barely misses you.
Casting: Flame Wave (dangerous; 4% risk of failure)
Confirm with . or Enter, or press ? or * to list all spells.
Casting: Flame Wave (dangerous; 4% risk of failure)
Press: ? - help, Dir - look around, f - activate A wave of flame ripples out!
The flame wave engulfs the gnoll!
You kill the gnoll!
Makhleb accepts your kill. (Press . to intensify the flame waves.)
A wave of flame ripples out!
The flame wave engulfs the manticore!
The manticore is lightly wounded.
The manticore flicks its tail.
The volley of spikes hits you!
The barbed spikes become lodged in your body.
* * * LOW HITPOINT WARNING * * *
You feel better.
You are too injured to fight recklessly!
Casting: Scorch (safe; 1% risk of failure)
Press: ? - help, Q - select action, (/) - cycle Dir - look around, f - activate Flames lash the manticore.
The manticore is moderately wounded.
The manticore's fire resistance burns away.
* * * LOW HITPOINT WARNING * * *
The manticore bites you!
You die...

.. ..# ... .... ...#
#..# ..... #..#
..)###..## #.#
#.).#...# #.#
#.H#...## #.#
#)@....# ####.#
###..#.###....#
+....#..#.....##
+..............# #
###....#.......#.#
#...#..........#.##
#.#..........<.[...#
# ###..#............
#..##.......#...


You could see a manticore (combustible).

Vanquished Creatures
  Sigmund (D:5)
  A necrophage (D:4)
  3 ogres
  A sky beast (D:5)
  A centaur (D:5)
  A scorpion (D:5)
  A wyvern zombie (D:5)
  A hound (D:5)
  2 jellies
  A centaur skeleton (D:5)
  A gnoll shaman (D:6)
  A hound skeleton (D:3)
  8 gnolls
  5 adders
  A shadow imp (D:5)
  2 worms
  2 dart slugs
  8 orcs
  9 endoplasms
  4 giant cockroaches
  4 goblins
  10 hobgoblins
  6 jackals (D:2)
  4 quokkas
  8 ball pythons
  5 bats
  4 frilled lizards
  8 kobolds
  6 rats
109 creatures vanquished.

Vanquished Creatures (others)
  236 foxfires
236 creatures vanquished.

Grand Total: 345 creatures vanquished

Notes
Turn   | Place    | Note
-------+----------+-------------------------------------------
     0 | D:1      | smarlow the Djinni Fire Elementalist began the quest for
                  | the Orb.
     0 | D:1      | Reached XP level 1. HP: 15/15 MP: 0/0
   313 | D:1      | Reached XP level 2. HP: 16/21 MP: 0/0
  1022 | D:1      | Reached XP level 3. HP: 23/25 MP: 0/0
  1022 | D:1      | Learned a level 1 spell: Magic Dart
  1885 | D:2      | Reached skill level 1 in Fighting
  1885 | D:2      | Reached XP level 4. HP: 25/32 MP: 0/0
  2427 | D:2      | Found a faded altar of an unknown god.
  2517 | D:2      | Reached XP level 5. HP: 20/37 MP: 0/0
  2517 | D:2      | Learned a level 2 spell: Passwall
  2907 | D:2      | Found a hazy altar of Hepliaklqana.
  3194 | D:3      | Found a transporter.
  3198 | D:3      | Found Osexzepn's Distillery.
  3307 | D:3      | Bought a potion of curing for 39 gold pieces
  3513 | D:3      | Found a transporter.
  3857 | D:3      | Found a burning altar of Makhleb.
  3873 | D:3      | Became a worshipper of Makhleb the Destroyer
  4115 | D:4      | Noticed an ogre
  4391 | D:4      | Found an ornate altar of the Wu Jian Council.
  4408 | D:4      | Reached XP level 6. HP: 38/43 MP: 0/0
  4472 | D:4      | Noticed a necrophage
  4601 | D:4      | Killed an ogre
  4914 | D:4      | Found an opulent altar of Gozag.
  5261 | D:4      | Killed a necrophage
  5262 | D:4      | Reached XP level 7. HP: 42/49 MP: 0/0
  5262 | D:4      | Learned a level 3 spell: Swiftness
  5328 | D:5      | Entered Level 5 of the Dungeon
  5895 | D:5      | Noticed Sigmund
  5900 | D:5      | Killed Sigmund
  5901 | D:5      | Reached skill level 5 in Spellcasting
  5983 | D:5      | Reached skill level 5 in Dodging
  5983 | D:5      | Reached XP level 8. HP: 6/57 MP: 0/0
  6464 | D:5      | Identified the +9 mace "Bemmaozy" {vorpal, +Blink rElec rN+
                  | Int-2}
  6952 | D:6      | Noticed a manticore
  6956 | D:6      | Slain by a manticore

Illustrated notes

Levels and vault maps discovered:
D:1:      shiori_arrival_oz, layout_basic, nicolae_wormholes
D:2:      layout_rooms, ebering_ecumenical_altar_sacrificial, basic_altar,
          st_stairs_13
D:3:      gammafunk_steamed_eel, layout_basic, lightli_temple_of_fire,
          serial_shops, shop
D:4:      layout_layer_cave, lemuel_doored_altar, lemuel_crystal_altar,
          minmay_misc_feat_doors, kennysheep_boxes
D:5:      kennysheep_spiral_hall, layout_basic, uniq_sigmund
D:6:      minmay_polygon_palace, layout_rooms, general_overflow_altar,
          minmay_temple_entry_junction_2, minivault_26, uniq_menkaure,
          uniq_pikel, uniq_edmund

Skill      XL: |  1  2  3  4  5  6  7  8 |
---------------+-------------------------+-----
Spellcasting   | 3 4 5 |  5.9
Fighting       | 1 2 3 4 |  4.4
Dodging        | 3 4 5 |  5.7
Stealth        | |  1.5

Action                   |  1- 3 |  4- 6 |  7- 9 || total
-------------------------+-------+-------+-------++-------
Melee: Mace              |       |       |     3 ||     3
 Cast: Foxfire           |    80 |    44 |    18 ||   142
       Scorch            |       |    62 |    36 ||    98
       Magic Dart        |       |     4 |     7 ||    11
       Flame Wave        |       |       |     3 ||     3
  Use: Potion            |       |       |     1 ||     1
Armor: Robe              |     1 |     3 |     1 ||     5
Dodge: Dodged            |     2 |    12 |    15 ||    29
